 Dungeon Crawl Stone Soup version 0.26.1-11-gd32895ea62 (webtiles) character file.

Game seed: 10106719371393141737

410 Zeld the Chucker (level 6, -6/39 HPs)
             Began as an Octopode Brigand on May 16, 2021.
             Was an Initiate of Fedhas.
             Mangled by Crazy Yiuf
             ... wielding a +3 quarterstaff of chaos
              (12 damage)
             ... on level 3 of the Dungeon.
             The game lasted 00:06:34 (4347 turns).

Zeld the Chucker (Octopode Brigand)                 Turns: 4347, Time: 00:06:34

Health: -6/39      AC:  1    Str: 12    XL:     6   Next: 89%
Magic:  10/10      EV: 13    Int: 13    God:    Fedhas [......]
Gold:   176        SH:  0    Dex: 14    Spells: 11/11 levels left

rFire    . . .     SeeInvis .   a - +2 dagger
rCold    . . .     Faith    .   (no shield)
rNeg     . . .     Spirit   .   (helmet restricted)
rPois    .         Reflect  .   (no amulet)
rElec    .         Harm     .   (no ring)
rCorr    .         Rampage  .   (no ring)
Will     .....                  (no ring)
Stlth    ++++......             (no ring)
HPRegen  0.13/turn              (no ring)
MPRegen  0.12/turn              (no ring)
                                (no ring)
                                (no ring)

@: lethally poisoned (-6 -> -12)
A: almost no armour, stealthy swim, amphibious, 8 rings, constrict 8, camouflage
1, gelatinous body 1
a: Renounce Religion


You were on level 3 of the Dungeon.
You worshipped Fedhas.
Fedhas was noncommittal.
You visited 1 branch of the dungeon, and saw 3 of its levels.

You collected 176 gold pieces.

Inventory:

Hand Weapons
 a - a +2 dagger (weapon)
 f - a +1 dagger of protection
Missiles
 b - 14 poisoned darts (quivered)
 c - 2 curare-tipped darts
Jewellery
 m - an uncursed ring of flight {unknown}
 r - an uncursed amulet of guardian spirit {unknown}
Wands
 s - a wand of random effects (25)
Scrolls
 d - 4 scrolls of identify {unknown}
 g - 2 scrolls of remove curse {unknown}
 i - 2 scrolls of teleportation {unknown}
 j - 2 scrolls of fear {unknown}
 k - a scroll of random uselessness {unknown}
 n - a scroll of enchant weapon {unknown}
 o - a scroll of magic mapping {unknown}
 t - a scroll of amnesia {unknown}
 u - a scroll of enchant armour {unknown}
Potions
 e - a potion of attraction {unknown}
 h - a potion of curing {unknown}
 l - a potion of haste {unknown}
 p - 2 potions of ambrosia {unknown}
 q - 2 potions of lignification {unknown}
 v - a potion of degeneration {unknown}
 w - a potion of might


   Skills:
 - Level 2.0 Fighting
 - Level 2.0 Short Blades
 * Level 5.9 Throwing
 - Level 1.0 Dodging
 - Level 5.3 Stealth
 + Level 3.3 Spellcasting


You had 11 spell levels left.
You didn't know any spells.
Your spell library was empty.

Dungeon Overview and Level Annotations

Branches:
Dungeon (3/15)

Altars:
Fedhas
Ru

Annotations:
D:3 Crazy Yiuf


Innate Abilities, Weirdness & Mutations

You cannot wear most types of armour.
You are very stealthy in the water. (Stealth+)
You are amphibious.
You can wear up to eight rings at the same time.
You can use your tentacles to constrict eight enemies at once.
Your skin changes colour to match your surroundings (Stealth+).
Your rubbery body absorbs attacks. (AC +1, EV +1)


Message History

You hit Crazy Yiuf but do no damage. You grab Crazy Yiuf.
You squeeze Crazy Yiuf, but do no damage.
You constrict Crazy Yiuf, but do no damage.
Crazy Yiuf whimpers, "Action song head!"
Crazy Yiuf misses you.
You hit Crazy Yiuf but do no damage.
You constrict Crazy Yiuf, but do no damage.
Crazy Yiuf hits you with a +3 quarterstaff of chaos.
* * * LOW HITPOINT WARNING * * *
You are lethally poisoned!
You hit Crazy Yiuf.
You squeeze Crazy Yiuf, but do no damage.
Crazy Yiuf is moderately wounded.
You constrict Crazy Yiuf.
* * * LOW HITPOINT WARNING * * *
You feel sick.
Crazy Yiuf whimpers, "Orb!"
Crazy Yiuf hits you with a +3 quarterstaff of chaos!
You die...
Fedhas appreciates your contribution to the ecosystem.

### ########################.#
.........................####
########################....##
#....@g...)...##..#
#################.# #########
#.## #.......# #).# #.......#
### ♣♣###.# #.......# #)..#♣♣
♣♣.....# #######..#
#...'.♣♣♣♣......# #
##....##..# #...#♣..♣......##
# #...#.##..# ### ♣♣♣.♣....##


You could see Crazy Yiuf.

Vanquished Creatures
  Sigmund (D:3)
  Purgy (D:1)
  An orc wizard (D:3)
  Ijyb (D:3)
  3 adders
  A dart slug (D:2)
  A worm (D:3)
  9 orcs
  3 giant cockroaches
  6 hobgoblins
  10 kobolds
  4 quokkas
  10 bats
  3 frilled lizards
  9 goblins
  8 rats
71 creatures vanquished.

Notes
Turn   | Place    | Note
-------+----------+-------------------------------------------
     0 | D:1      | Zeld the Octopode Brigand began the quest for the Orb.
     0 | D:1      | Reached XP level 1. HP: 14/14 MP: 1/1
   231 | D:1      | Reached XP level 2. HP: 19/19 MP: 2/2
   380 | D:1      | You fall into a shaft and drop 1 floor!
   453 | D:1      | Reached skill level 1 in Spellcasting
   574 | D:2      | Reached XP level 3. HP: 24/24 MP: 4/4
  1076 | D:2      | Found a sacrificial altar of Ru.
  1579 | D:2      | Reached XP level 4. HP: 29/29 MP: 6/6
  1629 | D:3      | Noticed Ijyb
  1907 | D:3      | Noticed Purgy
  2405 | D:1      | Killed Purgy
  2406 | D:1      | Reached XP level 5. HP: 10/34 MP: 8/8
  2896 | D:3      | Reached skill level 5 in Throwing
  2943 | D:3      | Killed Ijyb
  2944 | D:3      | Reached XP level 6. HP: 28/39 MP: 8/10
  3109 | D:3      | Noticed Sigmund
  3130 | D:3      | Killed Sigmund
  3551 | D:3      | Found a runed translucent door.
  3552 | D:3      | Noticed Crazy Yiuf
  3935 | D:3      | Found a blossoming altar of Fedhas.
  3944 | D:3      | Became a worshipper of Fedhas Madash
  4347 | D:3      | Mangled by Crazy Yiuf

Illustrated notes

Levels and vault maps discovered:
D:1:      sevenhm_arrival_forest_fort_large_3, layout_rooms
D:2:      layout_loops_corners, nicolae_ru_path_of_blood
D:3:      layout_basic, fedhas_altar_1, uniq_crazy_yiuf_cottage, uniq_sigmund,
          uniq_ijyb, uniq_purgy

Skill      XL: |  1  2  3  4  5  6 |
---------------+-------------------+-----
Spellcasting   | 1 2 3 |  3.3
Throwing       | 3 4 5 |  5.9
Fighting       | |  2.0
Short Blades   | |  2.0
Dodging        | |  1.0
Stealth        | |  5.3

Action                   |  1- 3 |  4- 6 || total
-------------------------+-------+-------++-------
Melee: Dagger            |    61 |    98 ||   159
       Constrict         |    13 |    25 ||    38
       Tentacles         |     4 |    24 ||    28
Throw: Dart              |       |     2 ||     2
  Use: Potion            |       |     2 ||     2
 Stab: Sleeping          |    23 |     7 ||    30
       Distracted        |       |     1 ||     1
Armor: Skin              |     8 |    19 ||    27
Dodge: Dodged            |    28 |    71 ||    99
